 Dungeon Crawl Stone Soup version 0.19.3-4-gbf9329e (webtiles) character file.

272 TuxedoFelix the Shield-Bearer (level 6, 0/55 HPs)
             Began as a Minotaur Fighter on Jan 27, 2017.
             Killed from afar by yogakurto's ghost (15 damage)
             ... with a puff of frost
             ... on level 3 of the Dungeon.
             The game lasted 00:09:25 (1744 turns).

TuxedoFelix the Shield-Bearer (Minotaur Fighter)    Turns: 1744, Time: 00:09:26

Health: 0/55       AC:  8    Str: 22    XL:     6   Next: 2%
Magic:  5/5        EV:  7    Int:  5    God:
Gold:   135        SH: 10    Dex: 10    Spells: 0 memorised, 5 levels left

rFire  + . .     SeeInvis +     a - +0 long sword
rCold  x . .     Gourm    .     b - +0 scale mail
rNeg   . . .     Faith    .     c - +0 shield
rPois  .         Spirit   .     (helmet restricted)
rElec  .         Reflect  .     (no cloak)
rCorr  .         Harm     .     (no gloves)
MR     .....                    n - +0 pair of boots
Stlth  ..........               (no amulet)
                                u - ring of see invisible
                                o - ring of fire

@: no status effects
A: retaliatory headbutt, horns 2
a: no special abilities


You were on level 3 of the Dungeon.
You were hungry.

You visited 1 branch of the dungeon, and saw 3 of its levels.

You collected 135 gold pieces.

Inventory:

Hand Weapons
 a - a +0 long sword (weapon)
Armour
 b - a +0 scale mail (worn)
 c - a +0 shield (worn)
 n - a +0 pair of boots (worn)
Jewellery
 o - a ring of fire (left hand)
 u - a ring of see invisible (right hand)
Scrolls
 e - 3 scrolls of remove curse
 h - a scroll of magic mapping
 i - 2 scrolls of teleportation
 l - 2 scrolls of recharging
 p - a scroll of enchant armour {unknown}
 q - a scroll of fear {unknown}
 r - a scroll of random uselessness {unknown}
Potions
 s - a potion of cure mutation
 t - a potion of lignification
Comestibles
 d - a slice of pizza
 f - 3 bread rations
 g - 2 chunks of flesh
 j - a beef jerky
 k - 2 meat rations
 m - 4 fruits


   Skills:
 + Level 4.9 Fighting
 + Level 3.7 Long Blades
 + Level 2.2 Throwing
 + Level 4.9 Armour
 + Level 5.0 Shields


You had 5 spell levels left.
You didn't know any spells.

Dungeon Overview and Level Annotations

Branches:
Dungeon (3/15)

Altars:

Annotations:
D:3 yogakurto's ghost, amateur TrIE


Innate Abilities, Weirdness & Mutations

You reflexively headbutt those who attack you in melee.
You have a pair of horns on your head.


Message History

You slash yogakurto's ghost! You headbutt yogakurto's ghost!
Yogakurto's ghost is severely damaged.
Yogakurto's ghost gestures at you while chanting.
The puff of frost hits you!
You feel a terrible chill!
* * * LOW HITPOINT WARNING * * *
You completely miss yogakurto's ghost.
Yogakurto's ghost is severely damaged.
Yogakurto's ghost hits you but does no damage.
You hit yogakurto's ghost but do no damage.
Your headbutt misses yogakurto's ghost.
Yogakurto's ghost is severely damaged.
Yogakurto's ghost casts a spell at you. The puff of frost misses you.
As you read the scroll labeled MAQUSHR TOOLA, it crumbles to dust.
It is a scroll of recharging.
You aren't carrying any rechargeable items.
Yogakurto's ghost screams, "Zot is a myth, the ORB is a fable, you'll soon be a tale!"
Yogakurto's ghost casts a spell at you. The puff of frost hits you!
You feel a terrible chill!
You die...

ยง ......o # ...... # ..##'# #
#### #.##.# # #..# #.##)#######
.# #..# #.##W##....# .# ####..#
#.##K##.##.# ..#
......#########.##.##.##.#####..#
................@W....##........#
.####.#########.##.............##
.# #.# ####.##.........###### .#
#.# ..l..##'#######.# # .# #.#
#..........# #.# # ## #.#
'..........# #.###### #.#
##..........# #....... #.#
####'#.##### ######## #.# .....


You could see yogakurto's ghost.

Vanquished Creatures
  Sigmund (D:2)
  Jessica (D:2)
  3 adders
  An ooze (D:3)
  2 worms (D:2)
  3 dart slugs
  A leopard gecko (D:1)
  2 orcs (D:3)
  A ball python (D:2)
  2 bats
  A giant cockroach (D:3)
  4 goblins
  3 hobgoblins (D:2)
  4 kobolds
  3 frilled lizards
  A rat (D:3)
33 creatures vanquished.

Vanquished Creatures (others)
  A rat (D:3)
1 creature vanquished.

Grand Total: 34 creatures vanquished

Notes
Turn   | Place    | Note
-------+----------+-------------------------------------------
     0 | D:1      | TuxedoFelix the Minotaur Fighter began the quest for the Orb.
     0 | D:1      | Reached XP level 1. HP: 19/19 MP: 0/0
   147 | D:1      | Reached XP level 2. HP: 27/27 MP: 1/1
   163 | D:1      | You fall through a shaft!
   478 | D:2      | Reached XP level 3. HP: 33/33 MP: 2/2
   524 | D:2      | Reached skill level 4 in Shields
   586 | D:2      | Noticed Jessica
   590 | D:2      | Killed Jessica
   590 | D:2      | Reached skill level 1 in Throwing
   768 | D:2      | Reached XP level 4. HP: 41/41 MP: 3/3
   866 | D:2      | Noticed Sigmund
   872 | D:2      | Killed Sigmund
   872 | D:2      | Reached XP level 5. HP: 33/47 MP: 4/4
  1017 | D:2      | Reached skill level 5 in Shields
  1272 | D:3      | Reached XP level 6. HP: 41/55 MP: 5/5
  1568 | D:3      | Noticed yogakurto's ghost (amateur TrIE)
  1744 | D:3      | Killed from afar by yogakurto's ghost

Skill      XL: |  1  2  3  4  5 |
---------------+----------------+-----
Fighting       | 4 |  4.9
Armour         | 4 |  4.9
Shields        | 4 5 |  5.0
Throwing       | 1 2 |  2.2
Long Blades    | 3 |  3.7

Action                   |  1- 3 |  4- 6 || total
-------------------------+-------+-------++-------
Melee: Long sword        |    33 |    57 ||    90
       Headbutt          |     8 |     9 ||    17
  Use: Potion            |       |     1 ||     1
       Scroll            |       |     7 ||     7
  Eat: Chunk             |       |     2 ||     2
Armor: Scale mail        |    21 |    27 ||    48
Dodge: Dodged            |    11 |    20 ||    31
Block: Shield            |    19 |    28 ||    47
       Rpst.: Long sword |     3 |     4 ||     7
